 Dungeon Crawl Stone Soup version 0.15-a0-110-gb05c47c (webtiles) character file.

38275 Qrupt the Carver (level 13, -6/89 HPs)
             Began as a Demonspawn Chaos Knight on Apr 10, 2014.
             Was a Plaything of Xom.
             Mangled by a nine-headed hydra (7 damage)
             ... on Level 6 of the Lair of Beasts.
             The game lasted 01:34:14 (19457 turns).

Qrupt the Carver (Demonspawn Chaos Knight)         Turns: 19457, Time: 01:34:26

HP  -6/89        AC 27     Str 20      XL: 13   Next: 51%
MP  13/13        EV  5     Int 12      God: Xom
Gold 2049        SH 25     Dex 14      Spells:  0 memorised, 12 levels left

rFire  . . .     SeeInvis .     C - +9 Staff of Wucad Mu
rCold  + . .     Rnd*Rage +     I - +0 plate armour
rNeg   . . .     Conserve .     H - +0 shield
rPois  +         rCorr    .     (no helmet)
rElec  .         rRot     .     n - +0 cloak
SustAb . .       Spirit   .     v - +1 pair of gloves
rMut   .         Warding  .     (no boots)
Gourm  +         Stasis   .     D - amulet of the gourmand
MR     .....                    h - ring of poison resistance
                                s - ring of regeneration

@: mighty, not resistant to hostile enchantments, extremely unstealthy
A: talons 2, rough black scales 3, berserk 1, blink 3, cold resistance 1,
conserve scrolls, fast metabolism 1, frail 1, nightstalker 1, powered by pain 1,
regeneration 1, spit poison 1, wild magic 1
a: Spit Poison, Blink, Renounce Religion


You were on level 6 of the Lair of Beasts.
You worshipped Xom.
You were a toy of Xom.
You were not hungry.

You visited 3 branches of the dungeon, and saw 21 of its levels.
You also visited: Bailey.

You collected 2049 gold pieces.

Inventory:

Hand weapons
 g - a +1,+2 scimitar of slicing
 C - the +9,+9 Staff of Wucad Mu (weapon)
   (You found it in a bailey)
Armour
 n - a +0 cloak (worn)
 v - a +1 pair of gloves (worn)
 H - a +0 shield (worn)
 I - a +0 plate armour (worn)
Magical devices
 b - a wand of disintegration (9)
 d - a wand of teleportation (0)
 t - a wand of lightning (4)
 z - a wand of fireball (6)
 T - a wand of digging (6)
Comestibles
 c - 10 bread rations
 f - a choko
 m - 7 meat rations
Scrolls
 e - 2 scrolls of vulnerability
 i - 13 scrolls of remove curse
 j - 2 scrolls of blinking
 p - 7 scrolls of identify
 q - a scroll of fear
 x - 2 scrolls of magic mapping
 y - 3 scrolls of enchant armour
 E - 2 scrolls of teleportation
 G - a scroll of enchant weapon II
 R - a scroll of recharging
Jewellery
 h - a ring of poison resistance (right hand)
 r - an uncursed amulet of resist mutation
 s - a ring of regeneration (left hand)
 D - an amulet of the gourmand (around neck)
 F - an uncursed amulet of resist corrosion
Potions
 a - a potion of invisibility
 k - a potion of agility
 o - a potion of haste
 u - a potion of flight
 w - a potion of restore abilities
 N - a potion of resistance
 Q - 6 potions of curing
 S - a potion of porridge
Miscellaneous
 l - a plain deck of changes {drawn: 4}


   Skills:
 + Level 8.7 Fighting
 - Level 14.6 Long Blades
 - Level 9.0 Armour
 - Level 0.8 Dodging
 - Level 10.8 Shields


You had 12 spell levels left.
You didn't know any spells.

Dungeon Overview and Level Annotations

Branches:
Dungeon (11/15)            Temple (0/1) D:6             Orc (4/4) D:10
    Elf (0/3) Orc:3          Lair (6/8) D:11         Shoals (0/5) Lair:4
 Spider (0/5) Lair:6        Slime (0/6) Lair:6

Altars:
Zin
Beogh

Shops:
D:6 :   D:10 [

Annotations:
D:10 Gastronok


Innate Abilities, Weirdness & Mutations

You have razor-sharp toenails.
You are completely covered in rough black scales (AC +10, Dex -3).
You are very good at protecting items from fire.
You are slightly more attuned to the shadows.
You sometimes gain a little power by taking damage.
You tend to lose your temper in combat.
You can easily translocate small distances at will.
Your flesh is cold resistant.
You have a fast metabolism.
You are frail (-10% HP).
Your natural rate of healing is unusually fast.
You can spit poison.
Your spells are a little harder to cast, but a little more powerful.


Message History

You block the nine-headed hydra's attack.
You hit the nine-headed hydra. Your kick misses the nine-headed hydra.
The nine-headed hydra is almost dead.
You block the nine-headed hydra's attack.
The nine-headed hydra bites you but does no damage.
The nine-headed hydra bites you.
* * * LOW HITPOINT WARNING * * *
The nine-headed hydra bites you!
* * * LOW HITPOINT WARNING * * *
You focus on the pain.
You feel very mighty all of a sudden.
The nine-headed hydra bites you but does no damage.
The nine-headed hydra barely misses you.
The nine-headed hydra bites you but does no damage.
The nine-headed hydra bites you!
* * * LOW HITPOINT WARNING * * *
You block the nine-headed hydra's attack.
The nine-headed hydra bites you but does no damage. x7
The nine-headed hydra bites you!
You die...

.................. #.........
....."............. ..#.....#..
..............................##.
......).................P.....###
..............................#
.............................##
..............................#
...............D.............P##
................@..............#
.................%......f.....##
..........##..................#
........###..................####
.......#.###.##.....#.........#.#
%...#.#.## #####..........?.....#
....##### #.....#...........#
...#.# ##.....#........... ..#.##
P.................


You could see a nine-headed hydra.

Vanquished Creatures
  The ghost of Zuul the Fighter, a powerful DsFE of Vehumet (Lair:5)
  Erolcha (D:8)
  Pikel (D:5)
  2 hill giants
  An orc knight (Bailey)
  Joseph (Orc:2)
  An orc sorcerer (Orc:2)
  A griffon (Lair:4)
  7 elephants
  A mermaid (Lair:5)
  A black mamba (Lair:6)
  6 spiny frogs
  A gargoyle (D:11)
  A feature mimic (Lair:5)
  Psyche (Orc:2)
  4 komodo dragons
  A hydra skeleton (D:10)
  A baby alligator (D:9)
  10 blink frogs
  3 basilisks
  An ugly thing (D:11)
  A steam dragon (D:9)
  Eustachio (D:6)
  6 yaks
  A fire bat (shapeshifter) (D:8)
  5 sharks
  Grum (D:10)
  3 hungry ghosts
  2 hippogriffs
  5 wolves
  Edmund (D:7)
  A necrophage (D:6)
  6 water moccasins
  3 black bears
  4 spiders (Lair:6)
  2 sky beasts
  11 ogres
  9 porcupines
  2 giant goldfish
  A yellow wasp (D:11)
  4 boring beetles (D:11)
  23 orc warriors
  2 centaurs
  3 ice beasts
  5 crocodiles
  11 giant frogs
  9 giant slugs
  A wyvern zombie (D:8)
  16 killer bees
  A troll skeleton (D:9)
  2 electric eels
  7 wights (D:8)
  A goliath beetle (D:10)
  A big fish (Lair:2)
  4 crimson imps
  2 jellies
  A quasit (D:11)
  An iguana (shapeshifter) (D:11)
  17 orc priests
  9 iguanas
  An orange rat (D:8)
  5 hounds
  Natasha (twice) (D:3)
  4 worker ants
  17 orc wizards
  Ijyb (D:2)
  Jessica (D:2)
  5 sheep (Lair:2)
  A hound zombie (D:10)
  A mottled dragon skeleton (D:11)
  A hound skeleton (D:4)
  Crazy Yiuf (D:2)
  11 gnolls
  A green rat (shapeshifter) (D:4)
  2 inept feature mimics
  17 adders
  43 green rats
  6 giant mites
  3 shadow imps
  4 worms
  5 giant eyeballs
  An ooze (D:4)
  146 orcs
  9 giant cockroaches
  28 goblins
  16 hobgoblins
  6 jackals
  14 quokkas
  4 ball pythons
  17 bats
  11 giant geckos
  7 giant newts
  12 kobolds
  30 rats
  4 ballistomycetes
  2 plants
671 creatures vanquished.

Vanquished Creatures (collateral kills)
  A hydra (Lair:5)
  An orc knight (Orc:1)
  A gargoyle (D:11)
  A spiny frog (Lair:2)
  A deep elf mage (D:11)
  2 ugly things (D:11)
  A warg (Orc:1)
  A sky beast (D:7)
  2 orc warriors (Orc:1)
  An ogre (D:6)
  A scorpion (D:11)
  A crimson imp (D:11)
  A sheep (Lair:2)
  6 orcs (Orc:1)
  A bat (D:4)
22 creatures vanquished.

Vanquished Creatures (others)
  A catoblepas (Lair:4)
  An elephant (Lair:5)
  A slave (D:5)
  A killer bee (D:11)
  2 quasits
  4 iron imps
  An orc wizard (D:5)
  A shadow imp (Lair:5)
  4 white imps
  A worm (D:6)
  A giant mite (D:3)
  3 ufetubi
  3 orcs
  A bat (D:3)
  A giant gecko zombie (D:3)
  3 giant spores
  A fungus (Lair:4)
30 creatures vanquished.

Grand Total: 723 creatures vanquished

Notes
Turn   | Place    | Note
--------------------------------------------------------------
     0 | D:1      | Qrupt, the Demonspawn Chaos Knight, began the quest for the Orb.
     0 | D:1      | Reached XP level 1. HP: 18/18 MP: 1/1
   145 | D:1      | Gained mutation: You are partially covered in rough black scales (AC +4, Dex -1). [demonic ancestry]
   145 | D:1      | Reached XP level 2. HP: 21/24 MP: 2/2
   245 | D:1      | XOM: harmless Erth miscast
   330 | D:1      | XOM: silly message
   503 | D:1      | XOM: harmless Trmt miscast
   548 | D:1      | XOM: harmless Summ miscast
   599 | D:2      | Noticed Jessica
   599 | D:2      | XOM: enchant monster (good)
   769 | D:2      | Killed Jessica
   769 | D:2      | Reached skill level 4 in Long Blades
   769 | D:2      | Reached XP level 3. HP: 12/29 MP: 3/3
  1057 | D:2      | Noticed Ijyb
  1060 | D:2      | XOM: divination: magic mapping
  1068 | D:2      | Killed Ijyb
  1068 | D:2      | Reached XP level 4. HP: 32/35 MP: 4/4
  1103 | D:2      | XOM: noise
  1469 | D:2      | XOM: colour smoke trail
  1501 | D:2      | Noticed Crazy Yiuf
  1521 | D:2      | Killed Crazy Yiuf
  1521 | D:2      | Reached skill level 5 in Long Blades
  1643 | D:2      | XOM: mild Erth miscast
  1731 | D:3      | XOM: silly message
  1857 | D:3      | Gained mutation: You are mostly covered in rough black scales (AC +7, Dex -2). [demonic ancestry]
  1857 | D:3      | Reached XP level 5. HP: 29/41 MP: 5/5
  1889 | D:3      | XOM: divination: detect items
  1904 | D:3      | XOM: divination: detect creatures
  2162 | D:3      | Found a glowing drain.
  2190 | D:3      | the glowing drain was a mimic.
  2195 | D:3      | XOM: mild Erth miscast
  2340 | D:3      | Noticed Natasha
  2351 | D:3      | Killed Natasha
  2351 | D:3      | Reached skill level 6 in Long Blades
  2559 | D:3      | Noticed Natasha
  2570 | D:3      | Killed Natasha
  2572 | D:3      | Gained mutation: You have sharp toenails. [demonic ancestry]
  2572 | D:3      | Reached XP level 6. HP: 47/47 MP: 6/6
  2793 | D:4      | XOM: noise
  3117 | D:4      | XOM: noise
  3118 | D:4      | XOM: summons friendly crimson imp
  3125 | D:4      | Reached skill level 7 in Long Blades
  3398 | D:4      | Gained mutation: You have razor-sharp toenails. [demonic ancestry]
  3398 | D:4      | Reached XP level 7. HP: 33/52 MP: 7/7
  3528 | D:4      | XOM: god gift: glowing sling {god gift}
  3928 | D:4      | XOM: noise
  4001 | D:5      | Entered Level 5 of the Dungeon
  4149 | D:5      | Reached skill level 8 in Long Blades
  4236 | D:5      | XOM: harmless Fire miscast
  4315 | D:5      | Noticed Pikel
  4320 | D:5      | XOM: enchant monster (good)
  4326 | D:5      | XOM: enchant monster (good)
  4327 | D:5      | Killed Pikel
  4327 | D:5      | Reached skill level 9 in Long Blades
  4327 | D:5      | Reached XP level 8. HP: 54/58 MP: 8/8
  4432 | D:5      | Reached skill level 10 in Long Blades
  4478 | D:5      | XOM: silly message
  4830 | D:6      | Found Nadout's Book Boutique.
  4832 | D:6      | Found a staircase to the Ecumenical Temple.
  4865 | D:6      | Gained mutation: You have a fast metabolism. [potion of mutation]
  5094 | D:6      | Found a glowing silver altar of Zin.
  5099 | D:6      | Noticed Eustachio
  5113 | D:6      | XOM: enchant monster (bad)
  5130 | D:6      | XOM: mild Summ miscast
  5132 | D:6      | Killed Eustachio
  5132 | D:6      | Reached skill level 11 in Long Blades
  5132 | D:6      | Gained mutation: You sometimes gain a little power by taking damage. [demonic ancestry]
  5132 | D:6      | Reached XP level 9. HP: 52/63 MP: 9/9
  5134 | D:6      | XOM: enchant monster (bad)
  5437 | D:6      | XOM: give mutation
  5437 | D:6      | Gained mutation: You are clumsy. (Dex -2) [Xom's mischief]
  5530 | D:7      | XOM: mild Trmt miscast
  5539 | D:7      | XOM: noise
  5630 | D:7      | Noticed Edmund
  5667 | D:7      | XOM: summons friendly quasit
  5689 | D:7      | Killed Edmund
  5733 | D:7      | XOM: silly message
  5804 | D:7      | XOM: swap monsters
  5890 | D:7      | XOM: summons 9 friendly demons
  5974 | D:7      | XOM: cast spell 'Necromutation'
  6008 | D:7      | XOM: god gift: runed halberd {god gift}
  6075 | D:7      | XOM: divination: detect creatures
  6077 | D:7      | XOM: harmless Fire miscast
  6202 | D:8      | Reached skill level 12 in Long Blades
  6258 | D:8      | XOM: divination: detect creatures
  6263 | D:8      | Noticed Erolcha
  6274 | D:8      | XOM: divination: magic mapping
  6333 | D:8      | XOM: cast spell 'Metabolic Englaciation'
  6334 | D:8      | XOM: potion effect (invisibility)
  6482 | D:8      | XOM: harmless Necr miscast
  6494 | D:8      | XOM: harmless Erth miscast
  6777 | D:8      | Paralysed by a giant eyeball for 4 turns
  6807 | D:8      | XOM: harmless Divn miscast
  7021 | D:8      | XOM: colour smoke trail
  7072 | D:8      | XOM: potion effect (invisibility)
  7076 | D:8      | XOM: summons friendly white imp
  7087 | D:8      | XOM: harmless Summ miscast
  7236 | D:8      | Killed Erolcha
  7236 | D:8      | Reached skill level 13 in Long Blades
  7236 | D:8      | Gained mutation: You are slightly more attuned to the shadows. [demonic ancestry]
  7236 | D:8      | Reached XP level 10. HP: 63/70 MP: 10/10
  7282 | D:8      | XOM: enchant monster (good)
  7433 | D:9      | XOM: blink monster(s)
  7441 | D:9      | XOM: polymorph hippogriff -> baby alligator
  7446 | D:9      | XOM: cast spell 'Shadow Creatures'
  7475 | D:9      | XOM: silly message
  7658 | D:9      | XOM: potion effect (brilliance)
  7665 | D:9      | XOM: divination: detect creatures
  7795 | D:9      | XOM: give mutations
  7795 | D:9      | Gained mutation: You can translocate small distances at will. [Xom's grace]
  7795 | D:9      | Gained mutation: You are good at translocating small distances at will. [Xom's grace]
  7813 | D:9      | Gained mutation: You are completely covered in rough black scales (AC +10, Dex -3). [demonic ancestry]
  7813 | D:9      | Reached XP level 11. HP: 43/75 MP: 11/11
  8026 | D:9      | XOM: divination: detect items
  8527 | D:10     | Entered Level 10 of the Dungeon
  8527 | D:10     | Noticed a hill giant
  8534 | D:10     | XOM: confuse monster(s)
  8537 | D:9      | XOM: medium Erth miscast
  8545 | D:9      | Killed a hill giant
  8545 | D:9      | Reached skill level 14 in Long Blades
  8546 | D:9      | XOM: stat loss: -1 Str (18/19)
  8739 | D:10     | Got a smoking halberd
  8796 | D:10     | Paralysed by a giant eyeball for 3 turns
  8850 | D:10     | Noticed Grum
  8856 | D:10     | XOM: harmless Pois miscast
  8865 | D:10     | XOM: silly message
  8880 | D:10     | XOM: harmless Chrm miscast
  8895 | D:10     | Killed Grum
  8932 | D:10     | XOM: medium Necr miscast
  9072 | D:10     | XOM: harmless Hex miscast
  9146 | D:10     | Noticed Gastronok
  9169 | D:10     | Paralysed by a giant eyeball for 3 turns
  9298 | D:10     | XOM: vitrification
  9385 | D:10     | Found Zyiqeana's Armour Emporium.
  9401 | D:10     | Found a staircase to the Orcish Mines.
  9464 | D:10     | Noticed a hill giant
  9482 | D:10     | Killed a hill giant
  9644 | D:10     | XOM: swap monsters
  9688 | D:10     | Reached skill level 1 in Shields
  9814 | Orc:1    | Entered Level 1 of the Orcish Mines
  9949 | D:10     | Identified the +3,+7 halberd of Sitigh {antimagic, rF+} (You found it on level 10 of the Dungeon)
 10017 | Orc:1    | XOM: summons friendly soul eater
 10148 | Orc:1    | XOM: give mutations
 10148 | Orc:1    | Gained mutation: You can easily translocate small distances at will. [Xom's mischief]
 10148 | Orc:1    | Gained mutation: You are frail (-10% HP). [Xom's mischief]
 10360 | Orc:1    | XOM: vitrification
 10456 | Orc:1    | XOM: cast spell 'Necromutation'
 10679 | Orc:2    | Noticed a sun demon
 10682 | Orc:2    | XOM: summons 8 friendly demons
 10693 | Orc:2    | Noticed a soul eater
 10712 | Orc:2    | XOM: polymorph blue devil -> red devil
 10964 | Orc:2    | Noticed Joseph
 10979 | Orc:2    | XOM: enchant monster (good)
 10980 | Orc:2    | XOM: polymorph orc -> kobold
 10981 | Orc:2    | XOM: divine lightning (protected)
 10993 | Orc:2    | XOM: confuse monster(s)
 11007 | Orc:2    | Killed Joseph
 11007 | Orc:2    | Reached skill level 5 in Shields
 11007 | Orc:2    | Gained mutation: You are very good at protecting items from fire. [demonic ancestry]
 11007 | Orc:2    | Reached XP level 12. HP: 48/72 MP: 12/12
 11045 | Orc:2    | Noticed Psyche
 11054 | Orc:2    | Killed Psyche
 11252 | Orc:2    | Found a roughly hewn altar of Beogh.
 11352 | Orc:2    | XOM: harmless Chrm miscast
 11414 | Orc:2    | XOM: give mutations
 11414 | Orc:2    | Gained mutation: Your spells are a little harder to cast, but a little more powerful. [Xom's grace]
 11414 | Orc:2    | Gained mutation: Your natural rate of healing is unusually fast. [Xom's grace]
 11414 | Orc:2    | Gained mutation: You can spit poison. [Xom's grace]
 11414 | Orc:2    | Gained mutation: Your flesh is cold resistant. [Xom's grace]
 11469 | Orc:3    | Found a flagged portal.
 11477 | Bailey   | Entered a bailey
 11657 | Bailey   | XOM: divination: detect creatures
 11682 | Bailey   | XOM: 2-stop teleportation journey
 12016 | Orc:3    | XOM: polymorph orc -> giant cockroach
 12136 | Orc:3    | XOM: enchant monster (bad)
 12191 | Orc:3    | Found a staircase to the Elven Halls.
 12489 | Orc:3    | XOM: confusion (+ monsters)
 12724 | Orc:4    | Entered Level 4 of the Orcish Mines
 12774 | Orc:3    | XOM: mild Pois miscast
 12926 | D:11     | XOM: divination: detect creatures
 13022 | D:11     | XOM: god gift: oblong leatherbound book {god gift}
 13082 | D:11     | XOM: polymorph killer bee -> iguana
 13257 | D:11     | Found a staircase to the Lair.
 13257 | D:11     | XOM: 5-stop teleportation journey
 13328 | D:11     | XOM: give mutations
 13328 | D:11     | Gained mutation: You tend to lose your temper in combat. [Xom's mischief]
 13328 | D:11     | Lost mutation: You are clumsy. (Dex -2) [Xom's mischief]
 13423 | D:11     | XOM: potion effect (agility)
 13444 | D:11     | XOM: confuse monster(s)
 13453 | D:11     | XOM: 2-stop teleportation journey
 13680 | D:11     | XOM: god gift: 24 gold pieces
 13849 | D:11     | XOM: god gift: meat ration
 14038 | Lair:1   | Entered Level 1 of the Lair of Beasts
 14125 | Lair:1   | XOM: god gift: stone of tremors
 14542 | Lair:1   | XOM: god gift: throwing net
 14685 | Lair:1   | XOM: silly message
 14845 | Lair:1   | XOM: harmless Divn miscast
 14958 | Lair:2   | XOM: mild Erth miscast
 14960 | Lair:2   | XOM: confusion (+ monsters)
 15020 | Lair:2   | XOM: enchant monster (bad)
 15037 | Lair:2   | XOM: noise
 15050 | Lair:2   | XOM: harmless Chrm miscast
 15059 | Lair:2   | XOM: enchant monster (bad)
 15067 | Lair:2   | XOM: summons friendly iron imp
 15312 | Lair:2   | XOM: summons friendly white imp
 15591 | Lair:2   | Reached skill level 10 in Shields
 15654 | Lair:2   | XOM: harmless Necr miscast
 15685 | Lair:2   | XOM: confusion (+ monsters)
 15691 | Lair:2   | XOM: blink monster(s)
 15696 | Lair:2   | XOM: enchant monster (good)
 15836 | Lair:2   | XOM: noise
 16046 | Lair:3   | XOM: noise
 16084 | Lair:3   | XOM: 6-stop teleportation journey
 16098 | Lair:3   | XOM: noise
 16109 | Lair:3   | XOM: blink monster(s)
 16113 | Lair:3   | XOM: divination: detect items
 16660 | Lair:4   | XOM: mild Divn miscast
 16728 | Lair:4   | Reached XP level 13. HP: 66/77 MP: 13/13
 16891 | Lair:4   | XOM: mild Hex miscast
 17115 | Lair:4   | Found a staircase to the Shoals.
 17131 | Lair:4   | XOM: swap monsters
 17133 | Lair:4   | XOM: confusion (+ monsters)
 17159 | Lair:4   | XOM: give mutations
 17159 | Lair:4   | Gained mutation: Your body is slowly deteriorating. [Xom's mischief]
 17159 | Lair:4   | Lost mutation: Your body is slowly deteriorating. [Xom's mischief]
 17159 | Lair:4   | Gained mutation: You are very frail (-20% HP). [Xom's mischief]
 17159 | Lair:4   | Lost mutation: You are very frail (-20% HP). [Xom's mischief]
 17429 | Lair:4   | XOM: vitrification
 17440 | Lair:4   | XOM: medium Fire miscast
 17444 | Lair:4   | XOM: cast spell 'Death Channel'
 17453 | Lair:4   | XOM: medium Fire miscast
 17453 | Lair:4   | Reached skill level 5 in Fighting
 17567 | Lair:4   | XOM: silly message
 17730 | Lair:4   | XOM is BORED!
 17730 | Lair:4   | XOM: medium Necr miscast
 17888 | Lair:5   | XOM: harmless Ice miscast
 17914 | Lair:5   | XOM: 1-stop teleportation journey
 17924 | Lair:5   | XOM: summons 13 friendly demons
 18019 | Lair:5   | Found a staircase to the Shoals.
 18029 | Lair:5   | XOM: summons 2 friendly demons
 18046 | Lair:5   | XOM: polymorph ufetubus -> crimson imp
 18051 | Lair:5   | the staircase to the Shoals was a mimic.
 18104 | Lair:5   | Noticed Zuul's ghost (powerful DsFE)
 18105 | Lair:5   | XOM: destruction
 18117 | Lair:5   | HP: 1/84 [burnt (6)]
 18122 | Lair:5   | XOM: vitrification
 18128 | Lair:5   | XOM: summons friendly white imp
 18144 | Lair:5   | XOM: cast spell 'Ring of Flames'
 18207 | Lair:5   | XOM: enchant monster (bad)
 18384 | Lair:5   | XOM: confusion (+ monsters)
 18506 | Lair:5   | XOM: divine lightning
 18537 | Lair:5   | XOM: noise
 18603 | Lair:5   | Killed Zuul's ghost
 19197 | Lair:6   | Found a hole to the Spider Nest.
 19260 | Lair:6   | Found a staircase to the Slime Pits.
 19339 | Lair:6   | XOM: enchant monster (bad)
 19361 | Lair:6   | XOM: enchant monster (bad)
 19388 | Lair:5   | XOM: harmless Erth miscast
 19457 | Lair:6   | HP: 1/89 [nine-headed hydra (9)]
 19457 | Lair:6   | Mangled by a nine-headed hydra

Action                   |  1- 3 |  4- 6 |  7- 9 | 10-12 | 13-15 || total
-------------------------+-------+-------+-------+-------+-------++-------
Melee: Falchion          |    82 |   313 |   399 |       |       ||   794
       Scimitar          |       |       |    73 |  1607 |   471 ||  2151
       Great sword       |       |       |       |     4 |       ||     4
       Staff             |       |       |       |     4 |    12 ||    16
Evoke: Wand              |       |       |     2 |     6 |     2 ||    10
       Deck              |       |       |       |       |     4 ||     4
  Use: Potion            |       |     1 |     6 |     8 |     4 ||    19
       Scroll            |       |       |    22 |     3 |     5 ||    30
 Stab: Petrified         |     1 |       |       |       |       ||     1
       Paralysed         |       |     5 |       |       |       ||     5
       Invisible         |       |       |     3 |       |       ||     3
       Confused          |       |       |     2 |     2 |     1 ||     5
       Sleeping          |       |       |       |     2 |       ||     2
       Distracted        |       |       |       |       |     4 ||     4
